 Dungeon Crawl Stone Soup version 0.27.1-34-g3ba077fa99 (webtiles) character file.

Game seed: 2664785835117979565

280 alasdair19 the Shield-Bearer (level 6, -7/53 HPs)
             Began as a Minotaur Fighter on Jan 26, 2022.
             Mangled by Menkaure (16 damage)
             ... on level 4 of the Dungeon.
             The game lasted 00:04:58 (2440 turns).

alasdair19 the Shield-Bearer (Minotaur Fighter)     Turns: 2440, Time: 00:04:59

Health: -7/53      AC:  9    Str: 21    XL:     6   Next: 5%
Magic:  5/5        EV:  6    Int:  6    God:
Gold:   92         SH: 10    Dex: 10    Spells: 5/5 levels left

rFire    . . .     SeeInvis .   e - +0 long sword
rCold    . . .     Faith    .   c - +0 kite shield
rNeg     + . .     Spirit   .   r - +0 chain mail
rPois    .         Reflect  .   (helmet restricted)
rElec    .         Harm     .   (no cloak)
rCorr    .         Rampage  .   (no gloves)
Will     .....                  (no boots)
Stlth    ..........             (no amulet)
HPRegen  0.17/turn              u - ring of positive energy
MPRegen  0.09/turn              (no ring)

@: no status effects
A: horns 2, retaliatory headbutt
a: no special abilities


You were on level 4 of the Dungeon.
You visited 1 branch of the dungeon, and saw 4 of its levels.

You collected 92 gold pieces.

Inventory:

Hand Weapons
 e - a +0 long sword (weapon)
 q - a +0 hunting sling
Missiles
 j - 97 stones (quivered)
 s - 19 sling bullets
Armour
 b - a +0 scale mail
 c - a +0 kite shield (worn)
 r - a +0 chain mail (worn)
Jewellery
 u - a ring of positive energy (left hand)
Scrolls
 f - 4 scrolls of identify {unknown}
 i - a scroll of immolation {unknown}
 l - a scroll of vulnerability {unknown}
 n - a scroll of holy word {unknown}
 v - a scroll of amnesia {unknown}
Potions
 a - a potion of magic {unknown}
 d - a potion of might
 g - a potion of mutation {unknown}
 h - a potion of berserk rage {unknown}
 k - a potion of ambrosia {unknown}
 m - a potion of lignification {unknown}
 o - 2 potions of heal wounds {unknown}
 p - a potion of flight {unknown}
 t - 2 potions of brilliance {unknown}


   Skills:
 + Level 4.7 Fighting
 + Level 4.0 Long Blades
 + Level 0.7 Slings
 + Level 5.1 Armour
 - Level 1.6 Dodging
 + Level 5.2 Shields


You had 5 spell levels left.
You didn't know any spells.
Your spell library was empty.

Dungeon Overview and Level Annotations

Branches:
Dungeon (4/15)
 Temple: D:4-7

Altars:

Shops:
D:3 *

Annotations:
D:4 Menkaure


Innate Abilities, Weirdness & Mutations

You have a pair of horns on your head.
You reflexively headbutt those who attack you in melee.


Message History

You have reached level 6!
Your experience leads to an increase in your attributes!
Increase (S)trength, (I)ntelligence, or (D)exterity?
You feel stronger.
You now have 78 gold pieces (gained 5).
HP restored.
Found a scroll labelled DISMOAPLAT.
f - 4 scrolls labelled DISMOAPLAT (gained 1)
You open the door.
Found a scroll labelled YBRAOPYLE.
There is an open door here.
u - a ring of positive energy
u - a ring of positive energy (left hand)
v - a scroll labelled YBRAOPYLE You open the door.
Found an escape hatch in the ceiling.
There is an open door here.
Found 14 gold pieces.
Found a brown potion.
You now have 92 gold pieces (gained 14).
j - 97 stones (gained 20) Menkaure, Prince of Dust comes into view.
Menkaure shouts!
Menkaure is nearby!
You start waiting.
Menkaure is nearby!
Menkaure points at you and mumbles some strange words.
Pain shoots through your body!
You hit Menkaure.
Menkaure is lightly damaged.
Menkaure hits you!!
You hit Menkaure but do no damage. You headbutt Menkaure.
Menkaure is moderately damaged.
You block Menkaure's attack.
You slash Menkaure!
Menkaure is heavily damaged.
Menkaure hits you!!
* * * LOW HITPOINT WARNING * * *
Menkaure hits you!
You die...

+.........#.....#
#.........#.....#
#.........#.....#
#.........'.....#
#........^#.....#
#...<.....#.....# ##
##..##...##'##.##
##...###..#######.##.#
.......@!..#.......#..
......M....#.......#...
...........#.......#
...
...........#.......#
...........#.......#
##.........#.......#
#...##...###.....##
#... #...###.....####
##...............


You could see Menkaure.

Vanquished Creatures
  Sigmund (D:2)
  A centaur skeleton (D:4)
  An orc wizard (D:3)
  3 adders
  A dart slug (D:3)
  7 orcs (D:3)
  3 ball pythons
  2 endoplasms
  4 goblins (D:1)
  4 hobgoblins
  6 jackals
  A quokka (D:2)
  2 bats (D:2)
  A frilled lizard (D:3)
  2 kobolds (D:4)
  7 rats
46 creatures vanquished.

Vanquished Creatures (others)
  3 plants (D:3)
3 creatures vanquished.

Grand Total: 49 creatures vanquished

Notes
Turn   | Place    | Note
-------+----------+-------------------------------------------
     0 | D:1      | alasdair19 the Minotaur Fighter began the quest for the
                  | Orb.
     0 | D:1      | Reached XP level 1. HP: 19/19 MP: 0/0
   285 | D:1      | Found a faded altar of an unknown god.
   584 | D:2      | Reached XP level 2. HP: 26/27 MP: 1/1
   674 | D:2      | Noticed Sigmund
   689 | D:2      | Killed Sigmund
   690 | D:2      | Reached XP level 3. HP: 15/34 MP: 2/2
   690 | D:2      | Reached XP level 4. HP: 18/41 MP: 3/3
   690 | D:2      | Reached XP level 5. HP: 21/47 MP: 4/4
  1510 | D:3      | Reached skill level 5 in Shields
  1856 | D:3      | Reached skill level 5 in Armour
  2019 | D:3      | Found Regigobuet's Assorted Antiques.
  2354 | D:4      | Reached skill level 1 in Dodging
  2354 | D:4      | Reached XP level 6. HP: 50/53 MP: 5/5
  2430 | D:4      | Noticed Menkaure
  2440 | D:4      | Mangled by Menkaure

Illustrated notes

Levels and vault maps discovered:
D:1:      dpeg_arrival_boxorama, layout_basic,
          ebering_ecumenical_altar_petrified
D:2:      minmay_evil_eye, layout_loops_cross, uniq_sigmund
D:3:      layout_rooms, serial_shops, shop, serial_forest,
          infiniplex_forest_lined_3, infiniplex_forest_clump_long,
          infiniplex_forest_diagonal, infiniplex_forest_pool,
          infiniplex_forest_clump_curved
D:4:      layout_gridville, uniq_menkaure

Skill      XL: |  1  2  3  4  5 |
---------------+----------------+-----
Shields        | 4 5 |  5.2
Fighting       | 4 |  4.7
Long Blades    | 3 4 |  4.0
Armour         | 4 5 |  5.1
Dodging        | 1 |  1.6
Slings         | |  0.7

Action                   |  1- 3 |  4- 6 || total
-------------------------+-------+-------++-------
Melee: Long sword        |    30 |    99 ||   129
       Headbutt          |     2 |    14 ||    16
 Fire: Hunting sling     |       |    11 ||    11
  Use: Potion            |     1 |       ||     1
Armor: Scale mail        |    13 |    45 ||    58
       Chain mail        |       |     4 ||     4
Dodge: Dodged            |     6 |    60 ||    66
Block: Kite shield       |    18 |    60 ||    78
       Rpst.: Long sword |     1 |     9 ||    10
